PCL
DISTRICT 9 PRAWNS @ CALGARY COWBOYS
04/13/2023
 
TOP OF THE 1ST
District 9 Prawns batting - Pitching for Calgary Cowboys : RHP Eric Bell
Pitching: RHP Eric Bell
Batting: LHB Enrique Nalasco 0-0: Ground out 6-3 (Groundball, 6)
Batting: LHB José Contreras 0-0: Called Strike
0-1: Called Strike
0-2: Foul Ball, location: 2F
0-2: Ground out 4-3 (Groundball, 4)
Batting: LHB Leland Hardy 0-0: Ball
1-0: Called Strike
1-1: SINGLE (Groundball, 34D)
Batting: SHB Erik Thomas 0-0: Ball
1-0: SINGLE (Groundball, 13) (infield hit)
Leland Hardy to second
Batting: LHB Brian Roy 0-0: Ball
1-0: Ball
2-0: Ball
3-0: Called Strike
3-1: Base on Balls
Leland Hardy to third
Erik Thomas to second
Batting: LHB Scott MacDonald 0-0: Ball
1-0: Called Strike
1-1: Ball
2-1: Foul Ball, location: 2F
2-2: Strikes out swinging
Top of the 1st over - 0 run(s), 2 hit(s), 0 error(s), 3 left on base; District 9 0 - Calgary 0
BOTTOM OF THE 1ST
Calgary Cowboys batting - Pitching for District 9 Prawns : RHP Bill McKinney
Pitching: RHP Bill McKinney
Batting: RHB Clark Hodge 0-0: Ball
1-0: SINGLE (Line Drive, 34)
Batting: LHB Donald Schultz 0-0: Called Strike
0-1: Ball
1-1: Ball
2-1: Foul Ball, location: 2F
2-2: SINGLE (Line Drive, 34)
Clark Hodge to second
Runner from 2nd tries for 3rd, SAFE, no throw or cutoff
Batting: RHB Dan Wyatt 0-0: Ball
1-0: Grounds into double play, 6-4-3 (Groundball, 6)
Clark Hodge scores
Batting: RHB Cristián Peña 0-0: Fly out, F8 (Flyball, 8RD)
Bottom of the 1st over - 1 run(s), 2 hit(s), 0 error(s), 0 left on base; District 9 0 - Calgary 1
TOP OF THE 2ND
District 9 Prawns batting - Pitching for Calgary Cowboys : RHP Eric Bell
Batting: LHB Jerry Johnston 0-0: Called Strike
0-1: Ball
1-1: SINGLE (Groundball, 3L)
Batting: SHB Mark Pope 0-0: Called Strike
0-1: Ball
1-1: Called Strike
1-2: SINGLE (Flyball, 78M)
Jerry Johnston to second
Batting: RHB Phil Jacobs 0-0: Ball
1-0: Called Strike
1-1: DOUBLE (Line Drive, 89D)
Jerry Johnston scores
Mark Pope to third
Batting: LHB Enrique Nalasco 0-0: Foul Ball, location: 2F
0-1: Ball
1-1: SINGLE (Flyball, 7S)
Mark Pope scores
Phil Jacobs to third
Batting: LHB José Contreras 0-0: Ball
1-0: SINGLE (Line Drive, 4D)
Phil Jacobs scores
Enrique Nalasco to second
Runner from 2nd tries for 3rd, SAFE, throw made to third
Batting: LHB Leland Hardy 0-0: Fly out, F7 (Flyball, 78M)
Runner from 3rd tags up, SCORES, no throw
Batting: SHB Erik Thomas 0-0: Ball
1-0: Foul Ball, location: 2F
1-1: Foul Ball, location: 2F
1-2: Ball
2-2: Fielders Choice at 2nd, 6-4 (Groundball, 6)
Batting: LHB Brian Roy 0-0: Ball
1-0: Called Strike
1-1: Ball
2-1: Fly out, F8 (Flyball, 8LD)
Top of the 2nd over - 4 run(s), 5 hit(s), 0 error(s), 1 left on base; District 9 4 - Calgary 1
BOTTOM OF THE 2ND
Calgary Cowboys batting - Pitching for District 9 Prawns : RHP Bill McKinney
Batting: RHB Shayne Burry 0-0: Ground out 1-3 (Groundball, 15)
Batting: RHB Ramón Martínez 0-0: Called Strike
0-1: Ball
1-1: Called Strike
1-2: Strikes out looking
Batting: RHB Jesús Hernández 0-0: Ball
1-0: Called Strike
1-1: Ball
2-1: Foul Ball, location: 2F
2-2: Ball
3-2: Foul Ball, location: 2F
3-2: Strikes out swinging
Bottom of the 2nd over - 0 run(s), 0 hit(s), 0 error(s), 0 left on base; District 9 4 - Calgary 1
TOP OF THE 3RD
District 9 Prawns batting - Pitching for Calgary Cowboys : RHP Eric Bell
Batting: LHB Scott MacDonald 0-0: Foul Ball, location: 2F
0-1: Swinging Strike
0-2: Ball
1-2: Strikes out swinging
Batting: LHB Jerry Johnston 0-0: Ball
1-0: Ball
2-0: Ball
3-0: Base on Balls
Batting: SHB Mark Pope 0-0: Ball
1-0: Ball
2-0: Ball
3-0: Base on Balls
Jerry Johnston to second
Batting: RHB Phil Jacobs 0-0: Ball
1-0: Fly out, F9 (Flyball, 89D)
Runner from 2nd tags up, SAFE at 3rd, no throw
Batting: LHB Enrique Nalasco 0-0: Foul Ball, location: 2F
0-1: Swinging Strike
0-2: Strikes out looking
Top of the 3rd over - 0 run(s), 0 hit(s), 0 error(s), 2 left on base; District 9 4 - Calgary 1
BOTTOM OF THE 3RD
Calgary Cowboys batting - Pitching for District 9 Prawns : RHP Bill McKinney
Batting: RHB Tom Yarbrough 0-0: Ball
1-0: SINGLE (Groundball, 4MD)
Batting: RHB Iain Liefting 0-0: Foul Ball, location: 2F
0-1: SINGLE (Groundball, 34D)
Tom Yarbrough to second
Runner from 2nd tries for 3rd, SAFE, no throw or cutoff
Batting: RHB Clark Hodge 0-0: Fly out, F8 (Flyball, 8LM)
Runner from 3rd tags up, SCORES, throw made
Batting: LHB Donald Schultz 0-0: Called Strike
0-1: Ball
1-1: Foul Ball, location: 2F
1-2: Strikes out swinging
Batting: RHB Dan Wyatt 0-0: Ball
1-0: Ball
2-0: Called Strike
2-1: Fly out, F8 (Flyball, 8LD)
Bottom of the 3rd over - 1 run(s), 2 hit(s), 0 error(s), 1 left on base; District 9 4 - Calgary 2
TOP OF THE 4TH
District 9 Prawns batting - Pitching for Calgary Cowboys : RHP Eric Bell
Batting: LHB José Contreras 0-0: Foul Ball, location: 2F
0-1: Called Strike
0-2: Strikes out swinging
Batting: LHB Leland Hardy 0-0: Ball
1-0: Called Strike
1-1: Swinging Strike
1-2: Foul Ball, location: 2F
1-2: Ball
2-2: Foul Ball, location: 2F
2-2: Ball
3-2: Strikes out looking
Batting: SHB Erik Thomas 0-0: Foul Ball, location: 2F
0-1: Ball
1-1: Fly out, F4 (Popup, 4MD)
Top of the 4th over - 0 run(s), 0 hit(s), 0 error(s), 0 left on base; District 9 4 - Calgary 2
BOTTOM OF THE 4TH
Calgary Cowboys batting - Pitching for District 9 Prawns : RHP Bill McKinney
Batting: RHB Cristián Peña 0-0: Swinging Strike
0-1: Swinging Strike
0-2: Ball
1-2: Foul Ball, location: 2F
1-2: Strikes out looking
Batting: RHB Shayne Burry 0-0: Ball
1-0: Called Strike
1-1: Called Strike
1-2: Foul Ball, location: 2F
1-2: Ball
2-2: SINGLE (Groundball, 56D)
Pitching: LHP Frederick Cesti
Batting: RHB Ramón Martínez 0-0: Called Strike
0-1: Called Strike
0-2: Fly out, F8 (Flyball, 8RM)
Batting: RHB Jesús Hernández 0-0: Ball
1-0: Fly out, F8 (Flyball, 8LM)
Bottom of the 4th over - 0 run(s), 1 hit(s), 0 error(s), 1 left on base; District 9 4 - Calgary 2
TOP OF THE 5TH
District 9 Prawns batting - Pitching for Calgary Cowboys : RHP Eric Bell
Batting: LHB Brian Roy 0-0: Ball
1-0: SINGLE (Groundball, 56S) (infield hit)
Batting: LHB Scott MacDonald 0-0: Foul Ball, location: 2F
0-1: Ball
1-1: Ball
2-1: Ball
3-1: Grounds into double play, U6-3 (Groundball, 6M)
Batting: LHB Jerry Johnston 0-0: Ball
1-0: Called Strike
1-1: Ball
2-1: Foul Ball, location: 2F
2-2: Foul Ball, location: 2F
2-2: Ball
3-2: Ground out U3 (Groundball, 3)
Top of the 5th over - 0 run(s), 1 hit(s), 0 error(s), 0 left on base; District 9 4 - Calgary 2
BOTTOM OF THE 5TH
Calgary Cowboys batting - Pitching for District 9 Prawns : LHP Frederick Cesti
Batting: RHB Tom Yarbrough 0-0: Called Strike
0-1: Foul Ball, location: 2F
0-2: Ball
1-2: Ball
2-2: Ball
3-2: Strikes out swinging
Batting: RHB Iain Liefting 0-0: Ground out 1-3 (Groundball, 15S)
Batting: RHB Clark Hodge 0-0: Foul Ball, location: 2F
0-1: Ball
1-1: Ball
2-1: Ball
3-1: Base on Balls
Batting: LHB Donald Schultz 0-0: Ball
1-0: Ball
2-0: Called Strike
2-1: Ball
3-1: Called Strike
3-2: Base on Balls
Clark Hodge to second
Batting: RHB Dan Wyatt 0-0: Called Strike
0-1: Ball
1-1: Called Strike
1-2: Ball
2-2: Ground out 5-3 (Groundball, 56)
Bottom of the 5th over - 0 run(s), 0 hit(s), 0 error(s), 2 left on base; District 9 4 - Calgary 2
TOP OF THE 6TH
District 9 Prawns batting - Pitching for Calgary Cowboys : RHP Eric Bell
Pitching: LHP Mario Rosário
Batting: SHB Mark Pope 0-0: Called Strike
0-1: Called Strike
0-2: Ball
1-2: Ball
2-2: Ball
3-2: Ground out 6-3 (Groundball, 6MS)
Batting: RHB Phil Jacobs 0-0: Ball
1-0: Ball
2-0: Ball
3-0: Base on Balls
Batting: LHB Enrique Nalasco 0-0: Called Strike
Phil Jacobs steals 2nd base
0-1: Foul Ball, location: 2F
0-2: Ball
1-2: Foul Ball, location: 2F
1-2: Foul Ball, location: 2F
1-2: Ball
2-2: Ball
3-2: Base on Balls
Batting: LHB José Contreras 0-0: Ball
1-0: Swinging Strike
1-1: Grounds into double play, 4-6-3 (Groundball, 4)
Top of the 6th over - 0 run(s), 0 hit(s), 0 error(s), 1 left on base; District 9 4 - Calgary 2
BOTTOM OF THE 6TH
Calgary Cowboys batting - Pitching for District 9 Prawns : LHP Frederick Cesti
Batting: RHB Cristián Peña 0-0: Ball
1-0: SINGLE (Groundball, 25) (infield hit)
Batting: RHB Shayne Burry 0-0: Called Strike
0-1: Foul Ball, location: 2F
0-2: Strikes out swinging
Batting: RHB Ramón Martínez 0-0: SINGLE (Line Drive, 8RS)
Cristián Peña to second
Batting: RHB Jesús Hernández 0-0: Swinging Strike
0-1: Called Strike
0-2: Ball
1-2: Grounds into double play, U5-3 (Groundball, 5L)
Bottom of the 6th over - 0 run(s), 2 hit(s), 0 error(s), 1 left on base; District 9 4 - Calgary 2
TOP OF THE 7TH
District 9 Prawns batting - Pitching for Calgary Cowboys : LHP Mario Rosário
Batting: LHB Leland Hardy 0-0: Called Strike
0-1: SINGLE (Flyball, 7S)
Batting: SHB Erik Thomas 0-0: Ball
1-0: Called Strike
1-1: Ball
2-1: Foul Ball, location: 2F
2-2: Ground out 5-3 (Groundball, 5S)
Leland Hardy to second
Batting: LHB Brian Roy 0-0: Ball
1-0: Ball
2-0: Foul Ball, location: 2F
2-1: Foul Ball, location: 2F
2-2: Ball
3-2: SINGLE (Line Drive, 9S)
Leland Hardy to third
Pinch Hitting: RHB Cole Ball 0-0: Called Strike
0-1: Ball
Brian Roy steals 2nd base
1-1: Swinging Strike
1-2: Ball
2-2: Foul Ball, location: 2F
2-2: Strikes out swinging
Pitching: RHP Mitsunari Jouda
Batting: LHB Jerry Johnston 0-0: Foul Ball, location: 2F
0-1: Fly out, F9 (Line Drive, 9M)
Top of the 7th over - 0 run(s), 2 hit(s), 0 error(s), 2 left on base; District 9 4 - Calgary 2
BOTTOM OF THE 7TH
Calgary Cowboys batting - Pitching for District 9 Prawns : LHP Frederick Cesti
Pitching: RHP Augusto Méndez
Now in LF: Dallas Blair
Batting: RHB Tom Yarbrough 0-0: Ball
1-0: SINGLE (Line Drive, 34D)
Batting: RHB Iain Liefting 0-0: Ball
1-0: Called Strike
1-1: Foul Ball, location: 2F
1-2: Foul Ball, location: 2F
1-2: Strikes out swinging
Batting: RHB Clark Hodge 0-0: Fly out, F7 (Flyball, 7D)
Batting: LHB Donald Schultz 0-0: Ball
1-0: Called Strike
1-1: Foul Ball, location: 2F
1-2: Ball
2-2: Foul Ball, location: 2F
2-2: Foul Ball, location: 2F
2-2: Ball
3-2: Foul Ball, location: 2F
3-2: Base on Balls
Tom Yarbrough to second
Batting: RHB Dan Wyatt 0-0: Ball
1-0: Ball
2-0: 3-RUN HOME RUN (Flyball, 8LXD), Distance : 433 ft
Batting: RHB Cristián Peña 0-0: Ball
1-0: Foul Ball, location: 2F
1-1: Ball
2-1: Ball
3-1: Base on Balls
Pitching: LHP Pedro Valdés
Batting: RHB Shayne Burry 0-0: Called Strike
0-1: Foul Ball, location: 2F
0-2: Foul Ball, location: 2F
0-2: Ball
1-2: Ball
2-2: Foul Ball, location: 2F
2-2: Ball
3-2: Strikes out looking
Bottom of the 7th over - 3 run(s), 2 hit(s), 0 error(s), 1 left on base; District 9 4 - Calgary 5
TOP OF THE 8TH
District 9 Prawns batting - Pitching for Calgary Cowboys : RHP Mitsunari Jouda
Pitching: RHP Luis Antonio Martínez
Batting: SHB Mark Pope 0-0: Ground out 4-3 (Groundball, 34)
Batting: RHB Phil Jacobs 0-0: Ball
1-0: Ball
2-0: Ground out 4-3 (Groundball, 4S)
Batting: LHB Enrique Nalasco 0-0: Called Strike
0-1: Foul Ball, location: 2F
0-2: Ball
1-2: Ball
2-2: Ball
3-2: Fly out, F4 (Line Drive, 4)
Top of the 8th over - 0 run(s), 0 hit(s), 0 error(s), 0 left on base; District 9 4 - Calgary 5
BOTTOM OF THE 8TH
Calgary Cowboys batting - Pitching for District 9 Prawns : LHP Pedro Valdés
Batting: RHB Ramón Martínez 0-0: Ball
1-0: Ball
2-0: Called Strike
2-1: SINGLE (Groundball, 56D)
Batting: RHB Jesús Hernández 0-0: Bunted foul
0-1: Sac Bunt - play at first, batter OUT! 1-4
Ramón Martínez to second
Batting: RHB Tom Yarbrough 0-0: Swinging Strike
0-1: Ball
Wild Pitch!
Ramón Martínez to third
1-1: Ball
2-1: Swinging Strike
2-2: Strikes out swinging
Batting: RHB Iain Liefting 0-0: Ball
1-0: Ball
2-0: Foul Ball, location: 2F
2-1: DOUBLE (Flyball, 78M)
Ramón Martínez scores
Batting: RHB Clark Hodge 0-0: Foul Ball, location: 2F
0-1: Fly out, F8 (Flyball, 8LD)
Bottom of the 8th over - 1 run(s), 2 hit(s), 0 error(s), 1 left on base; District 9 4 - Calgary 6
TOP OF THE 9TH
District 9 Prawns batting - Pitching for Calgary Cowboys : RHP Luis Antonio Martínez
Pitching: LHP Alfredo Durán
Batting: LHB José Contreras 0-0: Called Strike
0-1: Ball
1-1: Swinging Strike
1-2: Fly out, F8 (Flyball, 8RS)
Batting: LHB Leland Hardy 0-0: Ball
1-0: Called Strike
1-1: Ball
2-1: Ground out 4-3 (Groundball, 4)
Batting: SHB Erik Thomas 0-0: Foul Ball, location: 2F
0-1: Ball
1-1: Ball
2-1: Ball
3-1: Called Strike
3-2: Base on Balls
Pinch Hitting: RHB Alfredo Cortéz 0-0: Ball
1-0: Ball
2-0: Ball
3-0: Called Strike
3-1: Base on Balls
Erik Thomas to second
Pinch Hitting: RHB Bill Beck 0-0: Called Strike
0-1: Ball
1-1: Ball
2-1: Foul Ball, location: 2F
2-2: Ball
3-2: Foul Ball, location: 2F
3-2: Foul Ball, location: 2F
3-2: Foul Ball, location: 2F
3-2: Base on Balls
Erik Thomas to third
Alfredo Cortéz to second
Batting: LHB Jerry Johnston 0-0: Ball
1-0: Called Strike
1-1: Ball
2-1: Fly out, F8 (Flyball, 8LXD)
Top of the 9th over - 0 run(s), 0 hit(s), 0 error(s), 3 left on base; District 9 4 - Calgary 6
This league is powered by Out of the Park Baseball, the baseball management simulation game for PC, Mac and Linux
Wednesday, December 2nd, 2015 - OOTP Baseball 16.8 Build 38